 Dungeon Crawl Stone Soup version 0.30.1-11-g7821555f0a (webtiles) character file.

Game seed: 8234809112894211909

49855 Skitler the Executioner (level 14, -19/135 HPs)
             Began as a Minotaur Berserker on Jan 9, 2024.
             Was the Champion of Trog.
             Demolished by a reaper
             ... wielding a +2 scythe of freezing
              (25 damage)
             ... in an ice cave on Jan 10, 2024.
             The game lasted 00:33:42 (14633 turns).

Skitler the Executioner (Minotaur Berserker)       Turns: 14633, Time: 00:33:42

Health: -19/135    AC: 21    Str: 28    XL:     14   Next: 17%
Magic:  0/13       EV: 12    Int:  4    God:    Trog [******]
Gold:   1202       SH:  5    Dex: 15    Spells: 13/13 levels left

rFire   + . .        d - +3 executioner's axe (elec)
rCold   + . .        (shield currently unavailable)
rNeg    . . .        p - +0 chain mail {rF+}
rPois   .            o - +2 hat of the Bear Spirit {Spirit, Bear, *Rage Will++}
rElec   .            T - +2 cloak {rC+}
rCorr   .            w - +0 pair of gloves
SInv    .            m - +0 pair of boots
Will    +++..        A - amulet of reflection Stlth
                     i - +4 ring of slaying
HPRegen 0.42/turn    J - +6 ring of dexterity
MPRegen 0.13/turn

%: random rage (20%), reflection, guardian spirit
@: mighty, on berserk cooldown, slowed, very slow
A: horns 2, retaliatory headbutt
a: Renounce Religion, Berserk, Trog's Hand, Brothers in Arms


You were in an ice cave.
You worshipped Trog.
Trog was exalted by your worship.
You visited 2 branches of the dungeon, and saw 18 of its levels.
You also visited: Ossuary, Bailey and Ice Cave.

You collected 1283 gold pieces.
You spent 81 gold pieces at shops.

Inventory:

Hand Weapons
 b - a +0 scimitar of flaming
 d - a +3 executioner's axe of electrocution (weapon)
 S - a +4 battleaxe
Missiles
 W - 4 silver javelins (quivered)
 Z - a throwing net
Armour
 m - a +0 pair of boots (worn)
 o - the +2 hat of the Bear Spirit (worn) {Spirit, Bear, *Rage Will++}
   (You acquired it on level 12 of the Dungeon)

   Bear:      Going berserk makes the wearer exceptionally tough, and they are
   slowed for a shorter time afterward.
   *Rage:     It berserks you when you make melee attacks (+20% chance).
   Will:      It greatly increases your willpower.
 p - a +0 chain mail of fire resistance (worn)
 w - a +0 pair of gloves (worn)
 G - a +2 cloak of stealth
 T - a +2 cloak of cold resistance (worn)
Jewellery
 i - a +4 ring of slaying (left hand)
 A - an amulet of reflection (around neck)
 H - an amulet of regeneration
 J - a +6 ring of dexterity (right hand)
 O - a ring of poison resistance
Wands
 f - a wand of flame (14)
 y - a wand of acid (16)
 D - a wand of paralysis (10)
 I - a wand of polymorph (4)
 X - a wand of iceblast (4)
Scrolls
 c - 8 scrolls of teleportation
 g - a scroll of vulnerability
 h - 3 scrolls of immolation
 j - 3 scrolls of fog
 l - 5 scrolls of brand weapon {unknown}
 r - 2 scrolls of summoning
 v - 4 scrolls of fear
 z - 2 scrolls of identify
 B - 6 scrolls of blinking {unknown}
 C - 5 scrolls of enchant armour {unknown}
 M - a scroll of enchant weapon {unknown}
 N - a scroll of noise {unknown}
 P - 2 scrolls of poison {unknown}
 V - a scroll of silence {unknown}
Potions
 a - 2 potions of flight
 e - 5 potions of mutation
 k - 8 potions of heal wounds
 n - 5 potions of might
 q - 6 potions of degeneration {unknown}
 s - 5 potions of haste {unknown}
 t - 3 potions of resistance
 u - 8 potions of curing
 x - 2 potions of attraction
 E - a potion of ambrosia
 F - 3 potions of lignification
 K - 2 potions of cancellation
 L - a potion of magic
 Q - 2 potions of brilliance
 R - a potion of invisibility


   Skills:
 * Level 15.1 Fighting
 * Level 21.4 Axes
 + Level 0.5 Throwing
 + Level 12.4 Armour
 - Level 6.4 Dodging
 - Level 2.0 Stealth


You had 13 spell levels left.
You didn't know any spells.
Your spell library was empty.

Dungeon Overview and Level Annotations

Branches:
Dungeon (13/15)            Temple (0/1) D:6            Lair (5/5) D:8
  Swamp (0/4) Lair:2       Spider (0/4) Lair:2        Slime (0/5) Lair:4
    Orc (0/2) D:9         Ossuary (visited)          Bailey (visited)
  IceCv (1/1)
 Vaults: D:13-14

Altars:
Dithmenos
Gozag
Nemelex Xobeh
Qazlal
Ru
Wu Jian
Jiyva

Shops:
D:3 :   D:8 *   D:9 *

Annotations:
D:11 3 runed translucent doors, ritesign's ghost, journeyman DgCj


Innate Abilities, Weirdness & Mutations

You have a pair of horns on your head.
You reflexively headbutt those who attack you in melee.


Message History

The reaper hits you from afar with a +2 scythe of freezing!!
The reaper freezes you. The reaper closely misses you.
The ice devil barely misses you.
You feel very mighty all of a sudden.
The reaper hits you from afar with a +2 scythe of freezing!!
The ice devil hits you but does no damage.
You slice the ice devil!! Your headbutt misses the ice devil.
The ice devil is severely wounded.
The reaper hits you from afar with a +2 scythe of freezing!!
The reaper freezes you. You block the ice devil's attack.
You are too injured to fight recklessly!
You are too injured to fight recklessly!
Unknown command.
You are too injured to fight recklessly!
Unknown command.
You are too injured to fight recklessly!
Unknown command.
You slice the ice devil!!
You kill the ice devil!
Trog accepts your kill. The reaper barely misses you. The ice devil misses you.
The reaper barely misses you.
You open the ice devil like a pillowcase!!!
You kill the ice devil!
Trog accepts your kill. You block the reaper's attack.
The reaper hits you with a +2 scythe of freezing!!
* * * LOW HITPOINT WARNING * * *
The reaper freezes you.
* * * LOW HITPOINT WARNING * * *
You slice the reaper!! Lightning courses through the reaper!!
The reaper is heavily wounded.
You slice the death yak simulacrum!!
The reaper hits you with a +2 scythe of freezing!
* * * LOW HITPOINT WARNING * * *
The reaper freezes you.
* * * LOW HITPOINT WARNING * * *
The death yak simulacrum gores you but does no damage.
The reaper hits you with a +2 scythe of freezing!!
You die...

#..## # .##
##..#### #. ..#
#..#..## # ##. ..#
#..#...##
4#.#..##.##
#.......#
.......#..#
#...##..##
.....4....#
#..###...# #2Z.#
##.#.##..# #@..#
##....#..#
#...###....##..#
###....##....#..##
#......##...##..#
#.....#..##).#..##
.5....###..####..#
......# #...###.##
.....## ##..#..##
...... ##....#


You could see a reaper and a death yak simulacrum.

Vanquished Creatures
  An orc warlord (Bailey)
  2 hydras
  An ogre mage (D:10)
  5 centaur warriors
  3 boulder beetles
  A two-headed ogre (D:8)
  Urug (D:10)
  Sonja (D:10)
  2 skeletal warriors (D:13)
  A pharaoh ant (Lair:2)
  A skyshark (Lair:3)
  An orc knight (Bailey)
  An ugly thing (D:10)
  2 manticores
  7 elephants
  2 ice statues (IceCv)
  3 black mambas
  A gargoyle (D:12)
  Maggie (D:9)
  12 cane toads
  An efreet (D:11)
  An unseen horror (D:12)
  A redback zombie (D:13)
  3 rime drakes
  4 ice devils (IceCv)
  4 komodo dragons
  An anaconda simulacrum (IceCv)
  A freezing wraith (IceCv)
  2 polar bears
  3 trolls
  A hornet (D:7)
  A tarantella (Lair:2)
  7 blink frogs
  13 dream sheep
  A meliai zombie (D:13)
  2 wraiths
  2 shadows
  8 wyverns
  A vampire (D:13)
  A basilisk (Lair:4)
  38 yaks
  3 death yak simulacra
  A redback (Lair:2)
  4 vampire mosquitoes (D:11)
  A harpy simulacrum (IceCv)
  An acid dragon (D:12)
  11 water moccasins
  6 orc warriors
  5 ice beasts
  10 centaurs
  37 wolves
  An ogre (D:6)
  A phantom (D:5)
  A kobold brigand (D:8)
  Blork the orc (D:5)
  14 bullfrogs
  4 scorpions
  4 gnoll sergeants
  3 two-headed ogre simulacra (IceCv)
  14 wights
  3 water moccasin zombies (Ossuary)
  17 killer bees
  2 howler monkeys
  6 electric eels (Lair:4)
  2 jellies
  Crazy Yiuf (D:5)
  12 orc priests
  5 hounds
  Ijyb (D:5)
  2 iguanas
  8 orc wizards
  2 polar bear simulacra
  6 hell rats (Lair:4)
  2 spriggan simulacra (IceCv)
  2 mummies (Ossuary)
  19 gnolls
  8 adders
  2 naga simulacra (IceCv)
  2 shadow imps
  5 white imps
  4 ufetubi
  4 adder zombies (Ossuary)
  4 worms
  A dart slug (D:1)
  73 orcs
  13 ball pythons
  An endoplasm (D:3)
  5 giant cockroaches
  4 gnoll zombies (Ossuary)
  17 goblins
  5 hobgoblins
  2 jackals (D:3)
  3 quokkas
  8 bats
  3 frilled lizards
  4 hobgoblin zombies (Ossuary)
  18 kobolds
  5 kobold zombies (Ossuary)
  2 orc zombies (Ossuary)
  5 rats
555 creatures vanquished.

Vanquished Creatures (collateral kills)
  An orc wizard (D:6)
  An orc (D:6)
2 creatures vanquished.

Vanquished Creatures (others)
  A kobold (D:8)
1 creature vanquished.

Grand Total: 558 creatures vanquished

Notes
Turn   | Place    | Note
-------+----------+-------------------------------------------
     0 | D:1      | Skitler the Minotaur Berserker began the quest for the Orb.
     0 | D:1      | Reached XP level 1. HP: 19/19 MP: 0/0
    96 | D:1      | Reached XP level 2. HP: 27/27 MP: 1/1
   114 | D:1      | Reached skill level 4 in Axes
   590 | D:2      | Reached ** piety under Trog
   646 | D:2      | Reached XP level 3. HP: 33/33 MP: 2/2
  1262 | D:2      | Reached skill level 5 in Axes
  1262 | D:2      | Reached XP level 4. HP: 33/40 MP: 3/3
  1686 | D:3      | Noticed a scorpion
  1688 | D:3      | Reached XP level 5. HP: 34/47 MP: 4/4
  1697 | D:3      | Reached skill level 6 in Axes
  1709 | D:3      | Found Rualonti's Vocational Training.
  1945 | D:3      | Found a faded altar of an unknown god.
  1951 | D:3      | Reached skill level 5 in Fighting
  1959 | D:3      | Reached XP level 6. HP: 41/56 MP: 5/5
  2321 | D:4      | Reached *** piety under Trog
  2343 | D:4      | Identified the +6 long sword of Reasonable Forgiveness
                  | {freeze, rC++ Int+5 Stlth-}
  2594 | D:4      | Reached skill level 7 in Axes
  2808 | D:5      | Entered Level 5 of the Dungeon
  2814 | D:5      | Reached XP level 7. HP: 58/61 MP: 6/6
  2999 | D:5      | Noticed Ijyb
  3004 | D:5      | Killed Ijyb
  3435 | D:5      | Noticed Blork the orc
  3442 | D:5      | Killed Blork the orc
  3443 | D:5      | Reached skill level 8 in Axes
  3443 | D:5      | Reached skill level 5 in Armour
  3877 | D:5      | Reached XP level 8. HP: 22/70 MP: 7/7
  4088 | D:5      | Found a runed translucent door.
  4089 | D:5      | Noticed Crazy Yiuf
  4095 | D:5      | Killed Crazy Yiuf
  4267 | D:6      | Found a sand-covered staircase.
  4276 | D:6      | Reached skill level 9 in Axes
  4285 | Ossuary  | Entered an ossuary
  4323 | Ossuary  | Reached **** piety under Trog
  4608 | D:6      | Reached skill level 10 in Axes
  4656 | D:6      | Found a staircase to the Ecumenical Temple.
  4698 | D:6      | Found a sacrificial altar of Ru.
  4706 | D:6      | Found a shadowy altar of Dithmenos.
  5010 | D:6      | Identified the +3 sling "Foottuda" {freeze, rPois rC++
                  | rCorr}
  5274 | D:7      | Found a stormy altar of Qazlal.
  5326 | D:7      | Noticed a hornet
  5338 | D:7      | Reached XP level 9. HP: 79/79 MP: 8/8
  5621 | D:7      | Reached skill level 11 in Axes
  5830 | D:8      | Noticed a two-headed ogre
  5841 | D:8      | Killed a two-headed ogre
  5890 | D:8      | Found Deg Syo's Assorted Antiques.
  5894 | D:8      | Reached skill level 12 in Axes
  5903 | D:8      | Bought a smoky golden potion for 25 gold pieces
  5903 | D:8      | Bought a scroll labelled EGIESO CE MODA for 28 gold pieces
  5903 | D:8      | Bought a scroll labelled FUSOYTYZ KORAEN for 28 gold pieces
  5980 | D:8      | Reached XP level 10. HP: 90/90 MP: 9/9
  5993 | D:8      | Reached ***** piety under Trog
  6003 | D:8      | Reached skill level 1 in Stealth
  6069 | D:8      | Found a staircase to the Lair.
  6484 | D:9      | Found a staircase to the Orcish Mines.
  6540 | D:9      | Reached skill level 13 in Axes
  6624 | D:9      | Noticed Maggie
  6628 | D:9      | Killed Maggie
  6629 | D:9      | Reached skill level 5 in Dodging
  6632 | D:9      | Received a gift from Trog
  6710 | D:9      | Found a flagged portal.
  6726 | Bailey   | Entered a bailey
  6731 | Bailey   | Noticed an orc warlord
  6754 | Bailey   | Noticed an orc knight
  6763 | Bailey   | Killed an orc knight
  6812 | Bailey   | Found a runed translucent gate.
  6815 | Bailey   | Found a runed translucent gate.
  6817 | Bailey   | Found a runed translucent gate.
  6931 | Bailey   | Killed an orc warlord
  6932 | Bailey   | Reached skill level 10 in Fighting
  6932 | Bailey   | Reached skill level 14 in Axes
  7012 | D:9      | Reached XP level 11. HP: 100/100 MP: 10/10
  7029 | D:9      | Found Ruyjisid's Serpentskin Sales.
  7250 | D:9      | Found a sparkling altar of Nemelex Xobeh.
  7528 | D:10     | Entered Level 10 of the Dungeon
  7594 | D:10     | Reached skill level 10 in Armour
  7739 | D:10     | Reached skill level 15 in Axes
  7824 | D:10     | Noticed an ogre mage
  7824 | D:10     | Noticed a purple ugly thing
  7824 | D:10     | Noticed a centaur warrior
  7824 | D:10     | Noticed a centaur warrior
  7831 | D:10     | Killed a purple ugly thing
  7832 | D:10     | Killed a centaur warrior
  7833 | D:10     | Killed a centaur warrior
  7839 | D:10     | Killed an ogre mage
  7841 | D:10     | Noticed a centaur warrior
  7846 | D:10     | Killed a centaur warrior
  7880 | D:10     | Identified the +5 trident "Wyrghutee" {heavy, Dex+2}
  7921 | D:10     | Noticed Urug
  7929 | D:10     | Killed Urug
  7930 | D:10     | Reached skill level 16 in Axes
  7979 | D:10     | Noticed Sonja
  7986 | D:10     | Killed Sonja
  8495 | D:11     | Reached XP level 12. HP: 112/112 MP: 11/11
  8708 | D:11     | Found a runed translucent gate.
  8710 | D:11     | Found a runed translucent gate.
  8710 | D:11     | Found an opulent altar of Gozag.
  8710 | D:11     | Found a runed translucent gate.
  8711 | D:11     | Noticed a two-headed ogre
  8712 | D:11     | Noticed ritesign's ghost (journeyman DgCj)
  8971 | D:11     | Found an ornate altar of the Wu Jian Council.
  9106 | D:12     | Reached ****** piety under Trog
  9584 | D:12     | Acquired a +3 executioner's axe of electrocution
  9587 | D:12     | Acquired the +2 hat of the Bear Spirit {Spirit, Bear, *Rage
                  | Will++}
  9587 | D:12     | Found the +2 hat of the Bear Spirit {Spirit, Bear, *Rage
                  | Will++}
  9615 | D:13     | Noticed a centaur warrior
  9622 | D:13     | Killed a centaur warrior
  9639 | D:13     | Reached skill level 17 in Axes
  9649 | D:13     | Noticed a centaur warrior
  9656 | D:13     | Killed a centaur warrior
  9802 | Lair:1   | Entered Level 1 of the Lair of Beasts
  9825 | Lair:1   | Received a gift from Trog
  9913 | Lair:1   | Reached skill level 18 in Axes
  9953 | Lair:1   | Identified the +1 trident of Tension {vamp, Drain rC+ Int+3
                  | Stlth+}
 10544 | Lair:2   | Reached XP level 13. HP: 111/122 MP: 10/12
 10655 | Lair:2   | Found a staircase to the Swamp.
 10791 | Lair:2   | Reached skill level 19 in Axes
 11064 | Lair:2   | Found a hole to the Spider Nest.
 12534 | Lair:4   | Found a staircase to the Slime Pits.
 12546 | Lair:4   | Reached skill level 20 in Axes
 13218 | Lair:4   | Found a viscous altar of Jiyva.
 13749 | Lair:5   | Entered Level 5 of the Lair of Beasts
 13759 | Lair:5   | Received a gift from Trog
 13805 | Lair:5   | Found a frozen archway.
 13813 | Lair:5   | Reached skill level 21 in Axes
 13813 | Lair:5   | Reached XP level 14. HP: 76/133 MP: 9/13
 13836 | IceCv    | Entered an ice cave
 14184 | IceCv    | Reached skill level 15 in Fighting
 14623 | IceCv    | Noticed a reaper
 14633 | IceCv    | HP: 6/135 [reaper/+2 scythe of freezing (2)]
 14633 | IceCv    | Demolished by a reaper

Illustrated notes

Levels and vault maps discovered:
D:1:      psy_arrival_whirlpool, layout_rooms
D:2:      layout_basic, minmay_quadrilaterals
D:3:      layout_rooms, ebering_ecumenical_altar_abandoned,
          nicolae_shop_vocational
D:4:      layout_rooms, cheibrodos_gnoll_hut
D:5:      layout_cave_pods, item_on_display_a, uniq_blork_the_orc,
          uniq_crazy_yiuf_cottage, uniq_ijyb
D:6:      layout_cave_pods, jmf_multi_god_temple, minmay_temple_entry_offerings,
          lightli_ossuary_entry_decrepit_ruins
D:7:      layout_basic, nicolae_qazlal_scattered_showers
D:8:      layout_cave_pools, hellmonk_lair_entry_icy, serial_shops,
          nicolae_shop_tiny_statue_garden
D:9:      layout_roguey, nemelex_spade_bored_becter, hiddenorc2_lemuel,
          enter_bailey_2, guppyfry_shop_venom, uniq_maggie
D:10:     minmay_blocky_corners, layout_rooms, uniq_sonja, uniq_urug
D:11:     layout_loops_ring, ebering_ghost_gozag, amcnicky_mini_pool_small,
          solitary_fountain, nicolae_wu_jian_immortal_techniques
D:12:     layout_rooms, serial_glass, glass_columns_a, glass_columns_a
D:13:     layout_loops_ring, hangedman_vaults_entry_quadrant_bands,
          serial_undead, serial_undead_d, serial_undead_e, serial_undead_f,
          serial_undead_b, serial_undead_e, minmay_ruined_shrine
Lair:1:   layout_roguey, eino_small_chamber_without_monster, grunt_megastairs_2
Lair:2:   layout_gridlike, swamp_mist, nicolae_spider_entry_lesser_pyramids
Lair:3:   layout_small_grid
Lair:4:   layout_regular_city, slime_entry_1, pdpol_lair_cavern_descent,
          serial_bayou_shore_a, infiniplex_staircase_pool_2, lemuel_fruit_tree
Lair:5:   due_jungle_book, layout_cave_shapes,
          portal_ice_cave_entry_ice_simulacra, grunt_megastairs_1
IceCv:    ice_cave_small_demon

Skill      XL: |  1  2  3  4  5  6  7  8  9 10 11 12 13 14 |
---------------+-------------------------------------------+-----
Fighting       | 4 5 6 7 8 10 12 13 14 15 | 15.1
Axes           | 4 5 6 7 8 10 12 14 16 18 21 | 21.4
Dodging        | 3 4 5 6 |  6.4
Armour         | 4 5 7 8 9 11 12 | 12.4
Stealth        | 1 2 |  2.0
Throwing       | |  0.5

Action                     |  1- 3 |  4- 6 |  7- 9 | 10-12 | 13-15 || total
---------------------------+-------+-------+-------+-------+-------++-------
  Melee: Hand axe          |    85 |    91 |   204 |       |       ||   380
         Headbutt          |     9 |    19 |    39 |    88 |    42 ||   197
         Punch             |       |     1 |     2 |     2 |       ||     5
         War axe           |       |       |     4 |   235 |       ||   239
         Battleaxe         |       |       |       |    51 |       ||    51
         Executioner's axe |       |       |       |    91 |   236 ||   327
  Throw: Throwing net      |       |       |     2 |       |       ||     2
         Javelin           |       |       |       |       |     4 ||     4
 Invoke: Berserk           |       |     2 |     4 |     5 |       ||    11
    Use: Scroll            |       |       |     8 |    16 |     1 ||    25
         Potion            |       |       |       |       |     2 ||     2
   Stab: Sleeping          |     1 |       |       |       |       ||     1
 Armour: Animal skin       |    14 |       |       |       |       ||    14
         Chain mail        |       |    29 |    89 |   224 |   117 ||   459
         Ring mail         |       |     5 |       |       |       ||     5
  Dodge: Dodged            |    59 |    38 |    92 |   230 |   135 ||   554
  Block: Other             |       |       |       |     4 |    42 ||    46
         Reflection        |       |       |       |       |     1 ||     1
